MAA
ELKFORD ROADRUNNERS @ VIRGINIA BEACH DEUCES
06/10/2017
 
TOP OF THE 1ST
San Bernardino Grasshoppers batting - Pitching for St. Petersburg Universe : RHP Mackenzie Bolen
Pitching: RHP Mackenzie Bolen
Batting: RHB Mark Field 0-0: Ball
1-0: Ball
2-0: Ball
3-0: Called Strike
3-1: Called Strike
3-2: Ground out 6-3 (Groundball, 6)
Batting: RHB Joe Pryor 0-0: Called Strike
0-1: Foul Ball, location: 2F
0-2: Ball
1-2: SINGLE (Groundball, 6D)
Batting: LHB Barton McCann 0-0: Ball
1-0: Ball
2-0: Called Strike
2-1: Ball
3-1: Foul Ball, location: 2F
3-2: Foul Ball, location: 2F
3-2: Fly out, F8 (Flyball, 78M)
Batting: RHB Julius Cunningham 0-0: Ball
1-0: Ball
2-0: Swinging Strike
2-1: Called Strike
2-2: Foul Ball, location: 2F
2-2: Ball
3-2: Base on Balls
Joe Pryor to second
Batting: RHB Mike Gamble 0-0: SINGLE (Line Drive, 6MD)
Joe Pryor to third
Julius Cunningham to second
Runner from 3rd tries for Home, SAFE, throw made home
Batting: RHB Wendell Sanders 0-0: Called Strike
0-1: Called Strike
0-2: Strikes out swinging
Top of the 1st over - 1 run(s), 2 hit(s), 0 error(s), 2 left on base; San Bernardino 1 - St. Petersburg 0
BOTTOM OF THE 1ST
St. Petersburg Universe batting - Pitching for San Bernardino Grasshoppers : RHP Pedro Campos
Pitching: RHP Pedro Campos
Batting: RHB Terry Gilmore 0-0: Foul Ball, location: 2F
0-1: Ball
1-1: Ball
2-1: Swinging Strike
2-2: Foul Ball, location: 2F
2-2: Ball
3-2: SOLO HOME RUN (Flyball, 7D), Distance : 386 ft
Batting: RHB Teddy Pelham 0-0: Ball
1-0: Foul Ball, location: 2F
1-1: DOUBLE (Line Drive, 9LM)
Batting: RHB Daniel Cooper 0-0: Ground out 1-3 (Groundball, 25)
Batting: RHB Denis Taylor 0-0: Ball
1-0: Foul Ball, location: 2F
1-1: Ball
2-1: Called Strike
Teddy Pelham steals 3rd base
2-2: Fly out, F9 (Flyball, 89M)
Runner from 3rd tags up, SCORES, no throw
Batting: LHB Juan Durán 0-0: Called Strike
0-1: Ball
1-1: Ball
2-1: Ground out U3 (Groundball, 3)
Bottom of the 1st over - 2 run(s), 2 hit(s), 0 error(s), 0 left on base; San Bernardino 1 - St. Petersburg 2
TOP OF THE 2ND
San Bernardino Grasshoppers batting - Pitching for St. Petersburg Universe : RHP Mackenzie Bolen
Batting: RHB Ken Mullins 0-0: Ball
1-0: SINGLE (Groundball, 5L)
Batting: RHB Yoann Leroy 0-0: Ball
1-0: Ball
2-0: Swinging Strike
2-1: Fly out, F7 (Flyball, 7D)
Batting: RHB Chris Smith 0-0: Fly out, F5 (Popup, 5SF)
Batting: RHB Mark Field 0-0: Fly out, F9 (Flyball, 89M)
Top of the 2nd over - 0 run(s), 1 hit(s), 0 error(s), 1 left on base; San Bernardino 1 - St. Petersburg 2
BOTTOM OF THE 2ND
St. Petersburg Universe batting - Pitching for San Bernardino Grasshoppers : RHP Pedro Campos
Batting: RHB Marvin Collier 0-0: Called Strike
0-1: Swinging Strike
0-2: Foul Ball, location: 2F
0-2: Strikes out swinging
Batting: RHB John Howell 0-0: Ball
1-0: SINGLE (Groundball, 56D)
Batting: RHB Travis Lee 0-0: Ball
1-0: Called Strike
1-1: Ball
2-1: SINGLE (Groundball, 34D)
John Howell to second
Runner from 2nd tries for 3rd, SAFE, throw made to third
Batting: RHB Vincent Parker 0-0: Called Strike
0-1: Ball
1-1: Swinging Strike
1-2: Strikes out swinging
Batting: RHB Terry Gilmore 0-0: Ball
1-0: Called Strike
1-1: Ball
2-1: 3-RUN HOME RUN (Flyball, 7D), Distance : 401 ft
Pitching: RHP Mike Derdire
Batting: RHB Teddy Pelham 0-0: Ball
1-0: Called Strike
1-1: Foul Ball, location: 2F
1-2: Strikes out swinging
Bottom of the 2nd over - 3 run(s), 3 hit(s), 0 error(s), 0 left on base; San Bernardino 1 - St. Petersburg 5
TOP OF THE 3RD
San Bernardino Grasshoppers batting - Pitching for St. Petersburg Universe : RHP Mackenzie Bolen
Batting: RHB Joe Pryor 0-0: Called Strike
0-1: Swinging Strike
0-2: Strikes out swinging
Batting: LHB Barton McCann 0-0: Ball
1-0: Fly out, F6 (Popup, 5DF)
Batting: RHB Julius Cunningham 0-0: Ball
1-0: Ground out 6-3 (Groundball, 6)
Top of the 3rd over - 0 run(s), 0 hit(s), 0 error(s), 0 left on base; San Bernardino 1 - St. Petersburg 5
BOTTOM OF THE 3RD
St. Petersburg Universe batting - Pitching for San Bernardino Grasshoppers : RHP Mike Derdire
Batting: RHB Daniel Cooper 0-0: Called Strike
0-1: SINGLE (Groundball, 56)
Batting: RHB Denis Taylor 0-0: Ball
1-0: Called Strike
1-1: Ball
2-1: SINGLE (Line Drive, 56D)
Daniel Cooper to second
Batting: LHB Juan Durán 0-0: Called Strike
0-1: Swinging Strike
0-2: DOUBLE (Line Drive, 78S)
Daniel Cooper scores
Denis Taylor to third
Batting: RHB Marvin Collier 0-0: Ball
1-0: Ball
2-0: Ball
3-0: Base on Balls
Batting: RHB John Howell 0-0: Fly out, F8 (Popup, 8LS)
Runner from 3rd tags up, SCORES, throw made
Batting: RHB Travis Lee 0-0: Foul Ball, location: 2F
0-1: Fielders Choice at 2nd, 5-4 (Groundball, 5)
Juan Durán to third
Batting: RHB Vincent Parker 0-0: Swinging Strike
0-1: Ball
1-1: TRIPLE (Line Drive, 8RM)
Juan Durán scores
Travis Lee scores
Pitching: RHP Tom Hernández
Batting: RHB Terry Gilmore 0-0: Foul Ball, location: 2F
0-1: Fly out, F8 (Popup, 4MD)
Bottom of the 3rd over - 4 run(s), 4 hit(s), 0 error(s), 1 left on base; San Bernardino 1 - St. Petersburg 9
TOP OF THE 4TH
San Bernardino Grasshoppers batting - Pitching for St. Petersburg Universe : RHP Mackenzie Bolen
Batting: RHB Mike Gamble 0-0: Swinging Strike
0-1: Called Strike
0-2: Strikes out swinging
Batting: RHB Wendell Sanders 0-0: SOLO HOME RUN (Flyball, 9LD), Distance : 362 ft
Batting: RHB Ken Mullins 0-0: Called Strike
0-1: Ball
1-1: Swinging Strike
1-2: Strikes out swinging
Batting: RHB Yoann Leroy 0-0: Ball
1-0: Ball
2-0: Foul Ball, location: 2F
2-1: Ball
3-1: Called Strike
3-2: Foul Ball, location: 2F
3-2: SINGLE (Line Drive, 3D)
Batting: RHB Chris Smith 0-0: Swinging Strike
0-1: Swinging Strike
0-2: Ball
1-2: Foul Ball, location: 2F
1-2: Ball
2-2: Ball
3-2: Strikes out swinging
Top of the 4th over - 1 run(s), 2 hit(s), 0 error(s), 1 left on base; San Bernardino 2 - St. Petersburg 9
BOTTOM OF THE 4TH
St. Petersburg Universe batting - Pitching for San Bernardino Grasshoppers : RHP Tom Hernández
Batting: RHB Teddy Pelham 0-0: Foul Ball, location: 2F
0-1: Foul Ball, location: 2F
0-2: Fly out, F8 (Line Drive, 8LM)
Batting: RHB Daniel Cooper 0-0: DOUBLE (Line Drive, 8RM)
Batting: RHB Denis Taylor 0-0: Ball
1-0: Ball
2-0: Ball
3-0: Base on Balls
Batting: LHB Juan Durán 0-0: Ball
1-0: Ball
2-0: SINGLE (Groundball, 34D)
Daniel Cooper to third
Denis Taylor to second
Runner from 3rd tries for Home, SAFE, throw made at trailing runner, SAFE at third!
Batting: RHB Marvin Collier 0-0: Ball
1-0: Ball
2-0: Fly out, F9 (Flyball, 9LM)
Batting: RHB John Howell 0-0: Ball
Balk!
Denis Taylor scores
Juan Durán to second
1-0: Called Strike
1-1: Foul Ball, location: 2F
1-2: Foul Ball, location: 2F
1-2: Ground out 6-3 (Groundball, 6)
Bottom of the 4th over - 2 run(s), 2 hit(s), 0 error(s), 1 left on base; San Bernardino 2 - St. Petersburg 11
TOP OF THE 5TH
San Bernardino Grasshoppers batting - Pitching for St. Petersburg Universe : RHP Mackenzie Bolen
Batting: RHB Mark Field 0-0: Fly out, F3 (Popup, 3SF)
Batting: RHB Joe Pryor 0-0: Ball
1-0: Foul Ball, location: 2F
1-1: Foul Ball, location: 2F
1-2: Ball
2-2: Ball
3-2: Strikes out swinging
Batting: LHB Barton McCann 0-0: Ball
1-0: Ground out 3-1 (Groundball, 34)
Top of the 5th over - 0 run(s), 0 hit(s), 0 error(s), 0 left on base; San Bernardino 2 - St. Petersburg 11
BOTTOM OF THE 5TH
St. Petersburg Universe batting - Pitching for San Bernardino Grasshoppers : RHP Tom Hernández
Batting: RHB Travis Lee 0-0: Called Strike
0-1: Foul Ball, location: 2F
0-2: Ball
1-2: Ground out 6-3 (Groundball, 6M)
Batting: RHB Vincent Parker 0-0: Foul Ball, location: 2F
0-1: Called Strike
0-2: Ball
1-2: Ball
2-2: Ball
3-2: Foul Ball, location: 2F
3-2: Base on Balls
Batting: RHB Terry Gilmore 0-0: Foul Ball, location: 2F
0-1: SINGLE (Groundball, 56D) (infield hit)
Vincent Parker to second
Batting: RHB Teddy Pelham 0-0: Ball
1-0: Ball
2-0: Foul Ball, location: 2F
2-1: Foul Ball, location: 2F
2-2: Ground out U3 (Groundball, 3S)
Vincent Parker to third
Terry Gilmore to second
Batting: RHB Daniel Cooper 0-0: Ball
1-0: SINGLE (Line Drive, 8LS)
Vincent Parker scores
Terry Gilmore to third
Runner from 3rd tries for Home, SAFE, no throw or cutoff
Pitching: RHP Raúl Javier
Batting: RHB Denis Taylor 0-0: Ball
1-0: Fly out, F9 (Flyball, 89M)
Bottom of the 5th over - 2 run(s), 2 hit(s), 0 error(s), 1 left on base; San Bernardino 2 - St. Petersburg 13
TOP OF THE 6TH
San Bernardino Grasshoppers batting - Pitching for St. Petersburg Universe : RHP Mackenzie Bolen
Batting: RHB Julius Cunningham 0-0: Ball
1-0: Foul Ball, location: 2F
1-1: Swinging Strike
1-2: Fly out, F6 (Popup, 13)
Batting: RHB Mike Gamble 0-0: Ball
1-0: Ball
2-0: Ball
3-0: Called Strike
3-1: Fly out, F8 (Flyball, 8RM)
Batting: RHB Wendell Sanders 0-0: Fly out, F1 (Popup, 15S)
Top of the 6th over - 0 run(s), 0 hit(s), 0 error(s), 0 left on base; San Bernardino 2 - St. Petersburg 13
BOTTOM OF THE 6TH
St. Petersburg Universe batting - Pitching for San Bernardino Grasshoppers : RHP Raúl Javier
Batting: LHB Juan Durán 0-0: TRIPLE (Line Drive, 9LM)
Batting: RHB Marvin Collier 0-0: Ball
1-0: SINGLE (Groundball, 4MD)
Juan Durán scores
Batting: RHB John Howell 0-0: Called Strike
Marvin Collier steals 2nd base
0-1: Foul Ball, location: 2F
0-2: Strikes out looking
Batting: RHB Travis Lee 0-0: Ball
1-0: Called Strike
1-1: Foul Ball, location: 2F
1-2: SINGLE (Line Drive, 78S)
Marvin Collier to third
Runner from 3rd tries for Home, SAFE, no throw or cutoff
Pitching: RHP Mike Estes
Batting: RHB Vincent Parker 0-0: Ball
1-0: Swinging Strike
1-1: Called Strike
1-2: Grounds into double play, 5-4-3 (Groundball, 56)
Bottom of the 6th over - 2 run(s), 3 hit(s), 0 error(s), 0 left on base; San Bernardino 2 - St. Petersburg 15
TOP OF THE 7TH
San Bernardino Grasshoppers batting - Pitching for St. Petersburg Universe : RHP Mackenzie Bolen
Batting: RHB Ken Mullins 0-0: Ball
1-0: Foul Ball, location: 2F
1-1: Ball
2-1: Ball
3-1: Base on Balls
Batting: RHB Yoann Leroy 0-0: Grounds into double play, 4-6-3 (Groundball, 4)
Batting: RHB Chris Smith 0-0: Ball
1-0: Foul Ball, location: 2F
1-1: Swinging Strike
1-2: Foul Ball, location: 2F
1-2: Fly out, F4 (Popup, 6MD)
Top of the 7th over - 0 run(s), 0 hit(s), 0 error(s), 0 left on base; San Bernardino 2 - St. Petersburg 15
BOTTOM OF THE 7TH
St. Petersburg Universe batting - Pitching for San Bernardino Grasshoppers : RHP Mike Estes
Batting: RHB Terry Gilmore 0-0: Ball
1-0: Called Strike
1-1: Ball
2-1: Ball
3-1: Base on Balls
Batting: RHB Teddy Pelham 0-0: Called Strike
0-1: Ball
1-1: Foul Ball, location: 2F
1-2: Fly out, F3 (Popup, 3F)
Pinch Hitting: RHB Jim Unknown 0-0: Ball
1-0: Foul Ball, location: 2F
1-1: Ball
2-1: Ball
3-1: Called Strike
3-2: Base on Balls
Terry Gilmore to second
Batting: RHB Denis Taylor 0-0: Ball
1-0: Ball
2-0: Ball
3-0: Called Strike
Passed Ball!
Terry Gilmore to third
Jim Unknown to second
3-1: Base on Balls
Batting: LHB Juan Durán 0-0: Called Strike
0-1: Fly out, F7 (Flyball, 7M)
Runner from 3rd tags up, SCORES, no throw
Batting: RHB Marvin Collier 0-0: Ball
1-0: Fly out, F5 (Popup, 25F)
Bottom of the 7th over - 1 run(s), 0 hit(s), 0 error(s), 2 left on base; San Bernardino 2 - St. Petersburg 16
TOP OF THE 8TH
San Bernardino Grasshoppers batting - Pitching for St. Petersburg Universe : RHP Mackenzie Bolen
Now at 1B: Jim Unknown
Pinch Hitting: LHB Jim Henderson 0-0: Called Strike
0-1: SINGLE (Groundball, 56D)
Batting: RHB Joe Pryor 0-0: SINGLE (Line Drive, 7S)
Jim Henderson to second
Batting: LHB Barton McCann 0-0: Ball
1-0: Swinging Strike
1-1: Foul Ball, location: 2F
1-2: Ball
2-2: Fielders Choice at 2nd, 4-6 (Groundball, 34)
Jim Henderson to third
Batting: RHB Julius Cunningham 0-0: Foul Ball, location: 2F
0-1: Swinging Strike
0-2: Strikes out swinging
Pitching: RHP Allen Wilson
Batting: RHB Mike Gamble 0-0: Ball
1-0: Ball
2-0: Called Strike
2-1: Foul Ball, location: 2F
2-2: Fly out, F9 (Flyball, 9M)
Top of the 8th over - 0 run(s), 2 hit(s), 0 error(s), 2 left on base; San Bernardino 2 - St. Petersburg 16
BOTTOM OF THE 8TH
St. Petersburg Universe batting - Pitching for San Bernardino Grasshoppers : RHP Mike Estes
Now at 2B: Luis Lucero
Batting: RHB John Howell 0-0: Ground out 5-3 (Groundball, 5S)
Pitching: LHP Mitch Fields
Batting: RHB Travis Lee 0-0: TRIPLE (Line Drive, 5L)
Batting: RHB Vincent Parker 0-0: Called Strike
0-1: Fly out, F3 (Popup, 3S)
Batting: RHB Terry Gilmore 0-0: Ball
1-0: Ball
2-0: Ball
3-0: Called Strike
3-1: Base on Balls
Batting: RHB Teddy Pelham 0-0: Swinging Strike
0-1: Ball
1-1: Fly out, F8 (Flyball, 8LM)
Bottom of the 8th over - 0 run(s), 1 hit(s), 0 error(s), 2 left on base; San Bernardino 2 - St. Petersburg 16
TOP OF THE 9TH
San Bernardino Grasshoppers batting - Pitching for St. Petersburg Universe : RHP Allen Wilson
Batting: RHB Wendell Sanders 0-0: Ball
1-0: Called Strike
1-1: Swinging Strike
1-2: Ball
2-2: Foul Ball, location: 2F
2-2: Fly out, F8 (Flyball, 8RD)
Batting: RHB Ken Mullins 0-0: Swinging Strike
0-1: Ball
1-1: Ground out 4-3 (Groundball, 13)
Batting: RHB Yoann Leroy 0-0: Called Strike
0-1: Ball
1-1: Ball
2-1: Called Strike
2-2: Ground out 4-3 (Groundball, 4)
Top of the 9th over - 0 run(s), 0 hit(s), 0 error(s), 0 left on base; San Bernardino 2 - St. Petersburg 16
This league is powered by Out of the Park Baseball, the baseball management simulation game for PC, Mac and Linux
Saturday, February 27th, 2021 - OOTP Baseball 15.6 Build 34